 Dungeon Crawl Stone Soup version 0.25.1-2-g60ff931df9 (webtiles) character file.

Game seed: 8644444035038438548

1402 Erymatos the Cleaver (level 8, -3/73 HPs)
             Began as a Minotaur Berserker on Oct 31, 2020.
             Was a Priest of Trog.
             Slain by Edmund
             ... wielding a +1 flail of protection
              (12 damage)
             ... on level 5 of the Dungeon.
             The game lasted 00:03:48 (4322 turns).

Erymatos the Cleaver (Minotaur Berserker)           Turns: 4322, Time: 00:03:50

Health: -3/73      AC:  2    Str: 25    XL:     8   Next: 42%
Magic:  7/7        EV: 13    Int:  4    God:    Trog [***...]
Gold:   245        SH:  0    Dex:  9    Spells: 7/7 levels left

rFire    . . .     SeeInvis .   a - +0 hand axe
rCold    . . .     Gourm    .   (no shield)
rNeg     + . .     Faith    .   b - +0 animal skin
rPois    .         Spirit   .   (helmet restricted)
rElec    .         Reflect  .   (no cloak)
rCorr    .         Harm     .   (no gloves)
MR       +....                  (no boots)
Stlth    ++........             (no amulet)
HPRegen  0.22/turn              d - ring of positive energy
MPRegen  0.10/turn              s - ring of protection from magic

@: berserk cooldown, starving, slowed, very slow
A: retaliatory headbutt, horns 2
a: Berserk, Trog's Hand, Renounce Religion


You were on level 5 of the Dungeon.
You worshipped Trog.
Trog was most pleased with you.
You were starving.

You visited 1 branch of the dungeon, and saw 5 of its levels.

You collected 245 gold pieces.

Inventory:

Hand Weapons
 a - a +0 hand axe (weapon)
Armour
 b - a +0 animal skin (worn)
Jewellery
 d - a ring of positive energy (left hand)
 s - a ring of protection from magic (right hand)
Wands
 y - a wand of random effects (15)
Scrolls
 e - 4 scrolls of magic mapping {unknown}
 f - 2 scrolls of remove curse {unknown}
 i - 2 scrolls of teleportation {unknown}
 j - 2 scrolls of noise {unknown}
 l - 2 scrolls of blinking {unknown}
 m - 9 scrolls of identify {unknown}
 n - a scroll of fog {unknown}
 o - a scroll of fear {unknown}
 q - 2 scrolls of immolation {unknown}
 r - a scroll of enchant armour {unknown}
 v - a scroll of enchant weapon {unknown}
 x - a scroll of amnesia {unknown}
Potions
 g - 2 potions of stabbing {unknown}
 h - 4 potions of might {unknown}
 k - 2 potions of degeneration {unknown}
 p - a potion of lignification {unknown}
 t - 2 potions of flight {unknown}
 u - a potion of ambrosia {unknown}
 w - a potion of curing
 z - a potion of heal wounds {unknown}
Comestibles
 c - 9 rations


   Skills:
 + Level 7.2 Fighting
 + Level 9.6 Axes
 + Level 3.0 Armour
 + Level 4.8 Dodging
 + Level 2.1 Stealth


You had 7 spell levels left.
You didn't know any spells.
Your spell library was empty.

Dungeon Overview and Level Annotations

Branches:
Dungeon (5/15)
 Temple: D:4-7

Altars:
Cheibriados
Sif Muna

Annotations:
D:5 Edmund, Eustachio


Innate Abilities, Weirdness & Mutations

You reflexively headbutt those who attack you in melee.
You have a pair of horns on your head.


Message History

You hit Edmund but do no damage. Your headbutt misses Edmund.
Edmund is lightly wounded.
The white imp disappears in a puff of smoke!
The bat closely misses you. The white imp gestures at you.
The puff of frost hits you. Edmund misses you. The bat barely misses you.
You furiously retaliate!
You headbutt the bat!
You kill the bat!
The bat's corpse disappears in a puff of smoke!
Eustachio hits you with a +0 rapier!
* * * LOW HITPOINT WARNING * * *
The crimson imp blinks!
Unknown command.
The white imp hits you.
* * * LOW HITPOINT WARNING * * *
The white imp freezes you.
* * * LOW HITPOINT WARNING * * *
Eustachio hits you but does no damage. The white imp completely misses you.
Edmund hits you with a +1 flail of protection!
You die...

......... #
....$.... .#
.........## ..#
...#......##..##
#.#........#..#
#...5..........
###...p.Z.ยง.....
.......@@.......
#......@5.......
.................##.
................
.......#.##....#
.#....p#.. ..#.#
##.........##.%
........# ...... ...


You could see Edmund, Eustachio, a crimson imp (summoned), a white imp
(summoned), a jackal zombie and 2 neutral freed slaves.

Vanquished Creatures
  Pikel (D:5)
  Grinder (D:3)
  Sigmund (D:2)
  Duvessa (D:4)
  A slave (D:5)
  Dowan (D:4)
  A water moccasin skeleton (D:4)
  2 scorpions (D:4)
  An orc wizard (D:4)
  An iguana (D:4)
  2 worker ants (D:4)
  A howler monkey zombie (D:5)
  A howler monkey skeleton (D:4)
  5 adders
  An ooze (D:1)
  An adder zombie (D:5)
  An adder skeleton (D:4)
  4 worms
  A dart slug (D:2)
  5 leopard geckos
  7 orcs
  6 bats
  4 giant cockroaches
  7 goblins
  9 hobgoblins
  6 jackals
  5 kobolds
  2 quokkas (D:2)
  A ball python (D:3)
  7 frilled lizards
  6 rats
93 creatures vanquished.

Vanquished Creatures (others)
  A slave (D:5)
  An iguana (D:5)
2 creatures vanquished.

Grand Total: 95 creatures vanquished

Notes
Turn   | Place    | Note
-------+----------+-------------------------------------------
     0 | D:1      | Erymatos the Minotaur Berserker began the quest for the
                  | Orb.
     0 | D:1      | Reached XP level 1. HP: 19/19 MP: 0/0
   176 | D:1      | Reached XP level 2. HP: 27/27 MP: 1/1
   178 | D:1      | Reached skill level 4 in Axes
  1104 | D:2      | Reached XP level 3. HP: 33/33 MP: 2/2
  1353 | D:2      | Noticed Sigmund
  1371 | D:2      | Killed Sigmund
  1371 | D:2      | Reached ** piety under Trog
  1371 | D:2      | Reached skill level 5 in Fighting
  1371 | D:2      | Reached skill level 5 in Axes
  1371 | D:2      | Reached XP level 4. HP: 8/42 MP: 3/3
  1371 | D:2      | Reached XP level 5. HP: 9/48 MP: 4/4
  1838 | D:2      | Found a shimmering blue altar of Sif Muna.
  1983 | D:2      | Found a faded altar of an unknown god.
  2018 | D:2      | Found a snail-covered altar of Cheibriados.
  2436 | D:3      | Reached skill level 6 in Axes
  2615 | D:3      | Noticed Grinder
  2626 | D:3      | Reached XP level 6. HP: 56/56 MP: 5/5
  2635 | D:3      | Paralysed by Grinder for 6 turns
  2648 | D:3      | Killed Grinder
  2648 | D:3      | Reached skill level 7 in Axes
  2868 | D:3      | Found a glowing drain.
  3144 | D:4      | Reached *** piety under Trog
  3144 | D:4      | Reached XP level 7. HP: 30/62 MP: 6/6
  3517 | D:4      | Reached skill level 1 in Stealth
  3952 | D:4      | Noticed Dowan
  3952 | D:4      | Noticed Duvessa
  3968 | D:4      | Killed Duvessa
  3968 | D:4      | Reached skill level 8 in Axes
  3970 | D:4      | Killed Dowan
  4297 | D:5      | Entered Level 5 of the Dungeon
  4297 | D:5      | Noticed Pikel
  4301 | D:5      | Noticed Eustachio
  4308 | D:5      | Noticed Edmund
  4310 | D:5      | Killed Pikel
  4310 | D:5      | Reached skill level 9 in Axes
  4310 | D:5      | Reached XP level 8. HP: 73/73 MP: 7/7
  4322 | D:5      | Slain by Edmund

Illustrated notes

Levels and vault maps discovered:
D:1:      lightli_arrival_lavapool, layout_basic, serial_forest,
          infiniplex_forest_lined_3_way, infiniplex_forest_lined_room_,
          infiniplex_forest_end_2, infiniplex_forest_diagonal,
          infiniplex_forest_lined_2, infiniplex_forest_end_1
D:2:      layout_basic, lemuel_doored_altar,
          chequers_ecumenical_altar_simple_redux, first_ration,
          lemuel_statue_altar, uniq_sigmund
D:3:      layout_loops_ring, cheibrodos_sewer_entry_drain, uniq_grinder
D:4:      layout_rooms, uniq_duvessa
D:5:      layout_cave_pools, serial_gnoll_camp, gnoll_camp_mini_sergeant,
          gnoll_camp_huts_moat, gnoll_camp_mini_doghouse, gnoll_camp_medium_02,
          trog_book, uniq_prince_ribbit1, uniq_edmund, uniq_eustachio,
          uniq_crazy_yiuf_cottage, uniq_pikel

Skill      XL: |  1  2  3  4  5  6  7 |
---------------+----------------------+-----
Axes           | 4 5 6 7 9 |  9.6
Fighting       | 4 5 7 |  7.2
Armour         | 3 |  3.0
Dodging        | 3 4 |  4.8
Stealth        | 2 |  2.1

Action                   |  1- 3 |  4- 6 |  7- 9 || total
-------------------------+-------+-------+-------++-------
Melee: Hand axe          |    68 |   124 |    66 ||   258
       Headbutt          |    11 |    12 |    12 ||    35
Invok: Berserk           |     1 |       |     3 ||     4
 Stab: Distracted        |       |     1 |       ||     1
       Sleeping          |       |       |     2 ||     2
  Eat: Chunk             |     1 |     7 |     4 ||    12
Armor: Animal skin       |    10 |    19 |     3 ||    32
Dodge: Dodged            |    41 |    82 |    47 ||   170
